 Dungeon Crawl Stone Soup version 0.29-a0-43-g62a80824bf (webtiles) character file.

Game seed: 15421371508258647323

182 crazypyro the Skirmisher (level 5, -4/42 HPs)
             Began as a Demonspawn Fighter on Feb 2, 2022.
             Was a Priest of Ignis.
             Slain by Grinder (8 damage)
             ... while paralysed by Grinder
             ... on level 3 of the Dungeon.
             The game lasted 00:03:37 (2456 turns).

crazypyro the Skirmisher (Demonspawn Fighter)       Turns: 2456, Time: 00:03:38

Health: -4/42      AC:  8    Str: 18    XL:     5   Next: 34%
Magic:  5/5        EV:  2    Int:  7    God:    Ignis [***...]
Gold:   77         SH:  0    Dex: 13    Spells: 4/4 levels left

rFire   + . .      SeeInvis .   a - +0 long sword
rCold   . . .      Faith    .   c - +0 buckler
rNeg    . . .      Spirit   .   b - +0 scale mail
rPois   .          Reflect  .   (helmet restricted)
rElec   .          Harm     .   (no cloak)
rCorr   .          Rampage  .   (no gloves)
Will    .....                   h - +0 pair of boots
Stlth   ..........              i - amulet of magic regeneration
HPRegen 0.14/turn               (no ring)
MPRegen 0.58/turn               (no ring)

@: paralysed
A: hooves 1, magic regeneration, horns 1, dopey 1, MP-powered wands
a: Renounce Religion, Fiery Armour, Foxfire Swarm, Rising Flame


You were on level 3 of the Dungeon.
You worshipped Ignis.
Ignis was most pleased with you.
You visited 1 branch of the dungeon, and saw 3 of its levels.

You collected 77 gold pieces.

Inventory:

Hand Weapons
 a - a +0 long sword (weapon)
Armour
 b - a +0 scale mail (worn)
 c - a +0 buckler (worn)
 h - a +0 pair of boots (worn)
Jewellery
 i - an amulet of magic regeneration (around neck)
Potions
 d - a potion of might
 e - 2 potions of haste {unknown}
 f - 2 potions of curing


   Skills:
 + Level 3.9 Fighting
 + Level 2.9 Long Blades
 + Level 3.6 Armour
 + Level 3.6 Shields


You had 4 spell levels left.
You didn't know any spells.
Your spell library contained the following spells:

 Spells                   Type           Power      Damage    Failure   Level
 Animate Skeleton         Necr           0%         N/A       88%         1
 Inner Flame              Hex/Fire       0%         N/A       99%         3
 Cause Fear               Hex            0%         N/A       100%        4
 Discord                  Hex            0%         N/A       100%        8


Dungeon Overview and Level Annotations

Branches:
Dungeon (3/15)

Altars:
Ignis

Annotations:
D:3 Grinder


Innate Abilities, Weirdness & Mutations

You have large cloven feet.
You regenerate magic rapidly.
You have a pair of small horns on your head.
You are dopey. (Int -2)
You expend magic power (3 MP) to strengthen your wands.


Message History

You hit the orc wizard.
The orc wizard is heavily wounded.
The kobold hits you with a +0 whip. The dart slug launches a dart at you.
You block the slug dart. You block the orc wizard's attack.
You barely miss the orc wizard. You headbutt the orc wizard.
The orc wizard is severely wounded.
You block the kobold's attack.
The orc wizard points at you and mumbles some strange words.
The magic dart hits you. The dart slug launches a dart at you.
You block the slug dart.
Grinder blinks!
The kobold closely misses you.
You slash the orc wizard!
You kill the orc wizard!
The dart slug launches a dart at you. The slug dart hits you.
The kobold hits you but does no damage.
Found 13 gold pieces.
The dart slug launches a dart at you.
The slug dart hits you but does no damage.
Things that are here:
a +0 dagger; a +0 robe; an orc corpse You slash the dart slug!
You kill the dart slug!
The kobold hits you but does no damage. The kobold hits you but does no damage.
Grinder says, "What is the universe for?"
Grinder gestures at you.
You suddenly lose the ability to move!
The kobold hits you with a +0 whip.
* * * LOW HITPOINT WARNING * * *
The kobold hits you but does no damage. Grinder hits you.
* * * LOW HITPOINT WARNING * * *
You writhe in agony.
* * * LOW HITPOINT WARNING * * *
The kobold hits you but does no damage. Grinder hits you but does no damage.
The kobold hits you with a +0 whip.
* * * LOW HITPOINT WARNING * * *
Grinder barely misses you. The kobold hits you but does no damage.
Grinder hits you!
You die...

#. #.##..### ###..
###.##.##....#
.....
##......##.##.#
.#...
##....?...#.# .#
.....
#...........# #
#....
#..........(##
#....
#......)....>#
#....
#.....5)K).#...<.
#..##
#......@)†.###...#
#.. ##........##
#### #..........#
#..........#
#.>........#
#..........#
#..........#
##...$....##


You could see Grinder and a kobold.

Vanquished Creatures
  3 orc wizards (D:3)
  3 adders
  2 dart slugs
  2 worms
  6 orcs (D:3)
  8 endoplasms
  2 giant cockroaches (D:2)
  5 goblins
  4 hobgoblins
  2 kobolds (D:2)
  3 quokkas
  7 ball pythons
  12 bats
  10 frilled lizards
  3 rats
72 creatures vanquished.

Vanquished Creatures (others)
  47 foxfires
47 creatures vanquished.

Grand Total: 119 creatures vanquished

Notes
Turn   | Place    | Note
-------+----------+-------------------------------------------
     0 | D:1      | crazypyro the Demonspawn Fighter began the quest for the
                  | Orb.
     0 | D:1      | Reached XP level 1. HP: 18/18 MP: 1/1
   141 | D:1      | Gained mutation: You regenerate magic rapidly. [demonic
                  | ancestry]
   141 | D:1      | Reached XP level 2. HP: 24/24 MP: 2/2
   218 | D:1      | Found a faded altar of an unknown god.
   227 | D:1      | Got Plato's Compendium of Stolen Souls
   228 | D:1      | Prayed at the altar of an unknown god.
   228 | D:1      | Became a worshipper of Ignis, the Dying Flame
   852 | D:2      | Reached XP level 3. HP: 29/29 MP: 3/3
  1744 | D:2      | Gained mutation: You expend magic power (3 MP) to
                  | strengthen your wands. [potion of mutation]
  1744 | D:2      | Gained mutation: You are dopey. (Int -2) [potion of
                  | mutation]
  1744 | D:2      | Gained mutation: You have a pair of small horns on your
                  | head. [potion of mutation]
  1915 | D:3      | Gained mutation: You have large cloven feet. [demonic
                  | ancestry]
  1915 | D:3      | Reached XP level 4. HP: 28/35 MP: 4/4
  2437 | D:3      | Noticed Grinder
  2446 | D:3      | Reached XP level 5. HP: 18/42 MP: 5/5
  2451 | D:3      | Paralysed by Grinder for 6 turns
  2456 | D:3      | Slain by Grinder

Illustrated notes

Levels and vault maps discovered:
D:1:      saegor_arrival_simple_e, layout_basic,
          shapermc_ecumenical_altar_rom_forum, minmay_lizard_pond
D:2:      minmay_door_path, layout_basic
D:3:      layout_rooms, uniq_grinder

Skill      XL: |  1  2 |
---------------+-------+-----
Long Blades    | 2 |  2.9
Shields        | 3 |  3.6
Armour         | 3 |  3.6
Fighting       | |  3.9

Action                   |  1- 3 |  4- 6 || total
-------------------------+-------+-------++-------
Melee: Long sword        |   136 |    62 ||   198
       Headbutt          |     2 |     8 ||    10
Invok: Foxfire Swarm     |     2 |     1 ||     3
  Use: Scroll            |     3 |       ||     3
       Potion            |     1 |     2 ||     3
Armor: Scale mail        |    89 |    30 ||   119
Dodge: Dodged            |    70 |    40 ||   110
Block: Buckler           |    34 |    14 ||    48

Table legend: (Time is in decaauts)
 A = Elapsed time spent in this place.
 B = Non-inter-level travel time spent in this place.
 C = Inter-level travel time spent in this place.
 D = Time resting spent in this place.
 E = Time spent auto-exploring this place.
 F = Levels seen in this place.
 G = Mean time per level.
                   A        B        C        D        E       F      G
               +--------+--------+--------+--------+--------+-----+--------+
         Total |   2521 |   2482 |     39 |      0 |   2003 |   3 |  840.3 |
       Dungeon |   2521 |   2482 |     39 |      0 |   2003 |   3 |  840.3 |
               +--------+--------+--------+--------+--------+-----+--------+

Top non-repeatable levels by time:
     D:2: 1063 daAuts
     D:1: 847 daAuts
     D:3: 610 daAuts
